 Dungeon Sprint DCSS version 0.19-a0-262-g5df7875 (webtiles) character file.

395 Kidiri the Fighter (level 6, 0/64 HPs)
             Began as a Hill Orc Fighter on May 25, 2016.
             Was an Initiate of Hepliaklqana.
             Slain by a hill giant
             ... wielding a cursed +0 giant club
              (11 damage)
             ... in the Dungeon (Sprint IX: "|||||||||||||||||||||||||||||").
             The game lasted 00:02:52 (535 turns).

Kidiri the Fighter (Hill Orc Fighter)                Turns: 535, Time: 00:02:53

Health: 0/64       AC: 15    Str: 23    XL:     6   Next: 82%
Magic:  6/6        EV:  8    Int:  8    God:    Hepliaklqana [......]
Gold:   0          SH: 11    Dex: 11    Spells: 0 memorised, 5 levels left

rFire  . . .     SeeInvis .     p - +3 war axe (freeze)
rCold  . . .     Gourm    .     q - +1 chain mail
rNeg   . . .     Faith    .     c - +0 shield
rPois  .         Spirit   .     a - +0 helmet
rElec  .         Dismiss  .     (no cloak)
rCorr  .         Reflect  .     (no gloves)
SustAt .         Harm     .     (no boots)
MR     .....     NoTele   +     (no amulet)
Stlth  ..........               r - +2 ring of protection
                                e - +3 ring of strength

@: very slightly contaminated, invisible, not resistant to hostile enchantments,
extremely unstealthy
A: no striking features
a: Recall Ancestor, Ancestor Identity, Renounce Religion


You were in the Dungeon.
You worshipped Hepliaklqana.
Hepliaklqana was noncommittal.
You were not hungry.

You visited 1 branch

Inventory:

Hand Weapons
 p - a +3 war axe of freezing (weapon)
Armour
 a - a +0 helmet (worn)
 c - a +0 shield (worn)
 q - a +1 chain mail (worn)
Jewellery
 e - a +3 ring of strength (left hand)
 r - a +2 ring of protection (right hand)
Wands
 o - a wand of acid (5/15)
Scrolls
 k - 2 scrolls of blinking
 m - 3 scrolls of remove curse
 n - 2 scrolls of amnesia
Potions
 d - a potion of might
 h - a potion of haste
 i - 4 potions of magic
 j - a potion of berserk rage
 l - 4 potions of curing
Comestibles
 f - a bread ration


   Skills:
 + Level 9.5 Fighting
 + Level 7.5 Axes
 + Level 8.4 Armour
 + Level 2.3 Dodging
 + Level 8.9 Shields


You had 5 spell levels left.
You didn't know any spells.

Dungeon Overview and Level Annotations

Branches:
Dungeon (1/1)

Altars:
Cheibriados
Dithmenos
Elyvilon
Fedhas
Gozag
Hepliaklqana
Kikubaaqudgha
Makhleb
Nemelex Xobeh
Okawaru
Pakellas
Qazlal
Ru
Sif Muna
Trog
Ukayaw
Vehumet
Xom
Yredelemnul
Zin
The Shining One
Beogh
Jiyva
Lugonu


Message History

Unknown command.
Items here: ))))))
You hit the hill giant. You freeze the hill giant.
The hill giant is heavily wounded.
You block the hill giant's attack.
A sky beast appears from thin air!
Reactivating autopickup.
You see here an uncursed staff of energy.
You hit the hill giant. You freeze the hill giant.
The hill giant is severely wounded.
You block the hill giant's attack.
You strike the helpless hill giant from behind!
You hit the hill giant. You freeze the hill giant.
The hill giant is severely wounded.
You block the hill giant's attack.
Unknown command.
You slash the hill giant! You freeze the hill giant.
The hill giant is almost dead.
The hill giant hits you with a giant club!
You die...

▓.▓
▓'▓
▓†▓
▓†▓
▓[▓
▓5▓
▓Y▓
▓C▓
▓@▓
▓.▓
▓.▓
▓'▓
▓_▓
▓_▓
▓_▓
▓_▓
▓_▓


You could see a hill giant, a sky beast and a crimson imp.

Vanquished Creatures
  A troll (D)
  An ogre (D)
  A scorpion (D)
  A hound (D)
  A gnoll (D)
  An orc (D)
  A hobgoblin (D)
  A kobold (D)
  3 quokkas (D)
  A bat (D)
  A rat (D)
13 creatures vanquished.

Vanquished Creatures (others)
  An ancestor (D)
1 creature vanquished.

Grand Total: 14 creatures vanquished

Notes
Turn   | Place    | Note
--------------------------------------------------------------
     0 | D        | Kidiri the Hill Orc Fighter began the quest for the Orb.
     0 | D        | Reached XP level 1. HP: 19/19 MP: 1/1
     6 | D        | Reached skill level 4 in Fighting
     6 | D        | Reached XP level 2. HP: 13/28 MP: 2/2
   160 | D        | Noticed a scorpion
   160 | D        | Noticed an ogre
   166 | D        | Killed an ogre
   166 | D        | Reached skill level 6 in Fighting
   166 | D        | Reached skill level 5 in Armour
   166 | D        | Reached XP level 3. HP: 12/38 MP: 3/3
   166 | D        | Reached XP level 4. HP: 14/45 MP: 4/4
   173 | D        | Reached skill level 7 in Fighting
   173 | D        | Reached skill level 5 in Axes
   173 | D        | Reached skill level 1 in Dodging
   173 | D        | Reached XP level 5. HP: 11/52 MP: 5/5
   219 | D        | Found a glowing silver altar of Zin.
   219 | D        | Found a glowing golden altar of the Shining One.
   219 | D        | Found an ancient bone altar of Kikubaaqudgha.
   219 | D        | Found a basalt altar of Yredelemnul.
   219 | D        | Found a shimmering altar of Xom.
   219 | D        | Found a radiant altar of Vehumet.
   220 | D        | Found an iron altar of Okawaru.
   221 | D        | Found a burning altar of Makhleb.
   222 | D        | Found a deep blue altar of Sif Muna.
   223 | D        | Found a bloodstained altar of Trog.
   224 | D        | Found a sparkling altar of Nemelex Xobeh.
   225 | D        | Found a white marble altar of Elyvilon.
   226 | D        | Found a roughly hewn altar of Beogh.
   227 | D        | Found a viscous altar of Jiyva.
   228 | D        | Found a corrupted altar of Lugonu.
   229 | D        | Found a blossoming altar of Fedhas.
   230 | D        | Found a snail-covered altar of Cheibriados.
   231 | D        | Found a shadowy altar of Dithmenos.
   232 | D        | Found a stormy altar of Qazlal.
   233 | D        | Found an opulent altar of Gozag.
   234 | D        | Found a sacrificial altar of Ru.
   235 | D        | Found an oddly glowing altar of Pakellas.
   236 | D        | Found a hide-covered altar to Ukayaw.
   237 | D        | Found a hazy altar of Hepliaklqana.
   454 | D        | Became a worshipper of Hepliaklqana
   502 | D        | Noticed a hill giant
   502 | D        | Noticed a sky beast
   502 | D        | Noticed a troll
   521 | D        | Killed a troll
   521 | D        | Reached skill level 9 in Fighting
   521 | D        | Reached XP level 6. HP: 17/64 MP: 6/6
   535 | D        | Slain by a hill giant

Vault maps used:
D:        linesprint

Skill      XL: |  1  2  3  4  5 |
---------------+----------------+-----
Fighting       | 4 6 7 9 |  9.5
Axes           | 3 4 5 7 |  7.5
Shields        | 4 6 7 8 |  8.9
Armour         | 5 6 8 |  8.4
Dodging        | 1 2 |  2.3

Action                   |  1- 3 |  4- 6 || total
-------------------------+-------+-------++-------
Melee: War axe           |    22 |    42 ||    64
Evoke: Wand              |       |     2 ||     2
  Use: Potion            |     1 |     4 ||     5
 Stab: Invisible         |       |     1 ||     1
Armor: Scale mail        |     3 |     6 ||     9
       Chain mail        |       |    10 ||    10
Dodge: Dodged            |    12 |     7 ||    19
Block: Shield            |    15 |    29 ||    44
